 Dungeon Crawl Stone Soup version 0.31.0-32-g396128a36d (webtiles) character file.

Game seed: 17673518095478214201

11 monsoonserge the Changeling (level 2, -1/18 HPs)
             Began as an Octopode Shapeshifter on Apr 10, 2024.
             Slain by Terence
             ... wielding a +0 mace
              (4 damage)
             ... on level 2 of the Dungeon.
             The game lasted 00:00:53 (257 turns).

monsoonserge the Changeling (Octopode Shapeshifter)  Turns: 257, Time: 00:00:54

Health: -1/18      AC:  1    Str: 13    XL:     2   Next: 25%
Magic:  2/2        EV: 13    Int: 12    God:
Gold:   0          SH:  0    Dex: 11    Spells: 1/1 levels left

rFire   . .          .
                       - Unarmed
rCold   . . .        (no shield)
rNeg    . . .        (helmet currently unavailable)
rPois   .            (no amulet)
rElec   .            f - ring of see invisible
rCorr   .            (no ring)
SInv    +            (no ring)
Will    .....        (no ring)
Stlth   ++           (no ring)
HPRegen 0.23/turn    (no ring)
MPRegen 0.08/turn    (no ring)
                     (no ring)

%: no passive effects
@: beast-form
A: beast (slay +1), almost no armour, amphibious, 8 rings, camouflage 1,
gelatinous body 1, (nimble swimmer 1), tentacles
a: Begin Untransformation


You were on level 2 of the Dungeon.
You were a hulking beast.
You visited 1 branch of the dungeon, and saw 2 of its levels.

Inventory:

Jewellery
 f - a ring of see invisible (left tentacle)
Talismans
 b - a beast talisman
 c - a flux talisman
Scrolls
 d - 2 scrolls of blinking {unknown}
 g - a scroll of teleportation {unknown}
Potions
 a - a potion of lignification
 e - a potion of attraction {unknown}
 h - a potion of heal wounds {unknown}


   Skills:
 * Level 1.4 Fighting
 - Level 2.0 Dodging
 - Level 1.0 Stealth
 + Level 3.1 Unarmed Combat
 * Level 3.2 Shapeshifting


You had one spell level left.
You didn't know any spells.
Your spell library was empty.

Dungeon Overview and Level Annotations

Branches:
Dungeon (1/15)

Altars:

Annotations:
D:2 Terence


Innate Abilities, Weirdness & Mutations

You are a hulking beast.
Your limbs bulge with bestial killing power. (Slay +1)
You cannot wear most types of armour.
You are amphibious.
You can wear up to eight rings at the same time.
Your skin changes colour to match your surroundings (Stealth+).
Your rubbery body absorbs attacks. (AC +1, EV +1)
((You are camouflaged when in or above water. (Stealth+)))
You have tentacles for arms and can constrict up to eight enemies at once.


Message History

You constrict the adder, but do no damage.
The adder bites you.
You are poisoned.
The adder poisons you! The adder bites you.
You tentacle-slap the adder. x2
You kill the adder!
You feel sick.
Training target 1.0 for Stealth reached!
Your Stealth skill increases to level 1!
You have reached level 2!
You are quite poisoned (8 -> 5).
You are a hulking beast.
You have 8 tentacles available for constriction.
Your movement speed is average.
Your attack delay is about 0.9.
Your damage rating with unarmed combat is about 7 (Base [3 + 3 (UC)] x 107% (Str) x 102% (Fight) + 1 (Slay)).
You start resting.
You feel sick. x4
You are no longer poisoned.
You start resting.
HP restored.
d - 2 scrolls labelled EROWICW QIUXOR (gained 1) Terence the Incautious comes into view.
He is wielding a +0 mace.
Terence shouts!
You tentacle-slap Terence but do no damage.
You grab Terence.
You constrict Terence, but do no damage.
Terence barely misses you.
You tentacle-slap Terence.
Terence is lightly wounded.
You constrict Terence. Terence hits you with a +0 mace!
You tentacle-slap Terence but do no damage.
Terence is lightly wounded.
You constrict Terence, but do no damage.
Terence hits you with a +0 mace!
* * * LOW HITPOINT WARNING * * *
Unknown command.
You tentacle-slap Terence but do no damage.
You squeeze Terence, but do no damage.
Terence is lightly wounded.
You constrict Terence. Terence hits you with a +0 mace.
You die...
Terence says, "Time to find some more victims."

#.## #..## ##..# ##>#
### #.# #.. ##### #.##
.. ...... #..##
.######.#....
##..##.##.........#
### ##..h.##...@.....#
...##..@####.........#
......#..##..######.##
...#........## ##
#........# #........#
#........# ##########


You could see Terence.

Vanquished Creatures
  An adder (D:2)
  A hobgoblin (D:2)
  A rat (D:2)
3 creatures vanquished.

Notes
Turn   | Place    | Note
-------+----------+-------------------------------------------
     0 | D:1      | monsoonserge the Octopode Shapeshifter began the quest for
                  | the Orb.
     0 | D:1      | Reached XP level 1. HP: 13/13 MP: 1/1
    99 | D:1      | You fall into a shaft and drop 1 floor!
   169 | D:2      | Reached skill level 1 in Stealth
   169 | D:2      | Reached XP level 2. HP: 8/18 MP: 2/2
   239 | D:2      | Noticed Terence
   257 | D:2      | Slain by Terence

Illustrated notes

Levels and vault maps discovered:
D:1:      lightli_arrival_lavapool, layout_loops_cross
D:2:      layout_rooms, basic_altar, uniq_terence

Skill      XL: |  1 |
---------------+----+-----
Stealth        | 1 |  1.0
Fighting       | |  1.4
Dodging        | |  2.0
Unarmed Combat | |  3.1
Shapeshifting  | |  3.2

Action                     || total
---------------------------++-------
  Melee: Unarmed           ||    11
         Constrict         ||     3
         Tentacles         ||     2
         Punch             ||     1
 Armour: Skin              ||     7
  Dodge: Dodged            ||     6
